 Dungeon Crawl Stone Soup version 0.30-a0-292-g0f741e3f8e (webtiles) character file.

Game seed: 17139779439898177968

22910 Hubris850 the Arsonist (level 12, -9/81 HPs)
             Began as a Pale Draconian Fire Elementalist on Oct 17, 2022.
             Was an Elder of Qazlal.
             Killed by divine providence
             ... invoked by a smoke demon
              (16 damage)
             ... in a volcano.
             The game lasted 00:52:38 (13110 turns).

Hubris850 the Arsonist (DrFE)                      Turns: 13110, Time: 00:52:38

Health: -9/81      AC: 13    Str: 10    XL:     12   Next: 67%
Magic:  12/25      EV: 13    Int: 21    God:    Qazlal [****..]
Gold:   1092       SH: 14    Dex: 19    Spells: 19/29 levels left

rFire   + . .      SeeInvis .    n - +5 spear "Oneg" {vorpal, +Blink}
rCold   . . .      Faith    .    N - +0 buckler of For Vixt {Dex+7}
rNeg    + . .      Spirit   .    (body armour unavailable)
rPois   .          Reflect  +    (helmet restricted)
rElec   .          Harm     .    I - +1 cloak of Hemaon {Will+}
rCorr   .          Rampage  .    g - +1 pair of gloves
Will    ++...                    s - +0 pair of boots
Stlth   +.........               m - amulet of reflection
HPRegen 0.33/turn                P - ring of willpower
MPRegen 0.19/turn                T - ring of positive energy

@: protected from fire, repel missiles
A: breathe steam, AC +8, unfitting armour, cold-blooded, steam resistance
a: Breathe Steam, Renounce Religion, Evoke Blink, Upheaval, Elemental Force


You were in a volcano.
You worshipped Qazlal.
Qazlal was greatly pleased with you.
You visited 2 branches of the dungeon, and saw 12 of its levels.
You also visited: Sewer, Bailey and Volcano.

You collected 1092 gold pieces.

Inventory:

Hand Weapons
 b - a +0 dagger
 d - a +0 rapier
 j - a +1 spectral club
 n - the +5 spear "Oneg" (weapon) {vorpal, +Blink}
   (You found it on level 3 of the Dungeon)

   It inflicts extra damage upon your enemies.
   +Blink:    It lets you blink.
 M - a +2 whip of flaming
 R - a +2 long sword of draining
Missiles
 q - 13 poisoned darts
 C - 6 javelins
 L - 2 curare-tipped darts
Armour
 g - a +1 pair of gloves (worn)
 s - a +0 pair of boots (worn)
 I - the +1 cloak of Hemaon (worn) {Will+}
   (You found it on level 7 of the Dungeon)

   Will:      It increases your willpower.
 N - the +0 buckler of For Vixt (worn) {Dex+7}
   (You acquired it in a bailey)

   Dex:       It affects your dexterity (+7).
Jewellery
 m - an amulet of reflection (around neck)
 D - an amulet of guardian spirit
 P - a ring of willpower (left hand)
 S - an amulet of the acrobat
 T - a ring of positive energy (right hand)
Wands
 e - a wand of flame (23)
 f - a wand of polymorph (3)
 w - a wand of mindburst (27)
 E - a wand of acid (4)
Scrolls
 h - 4 scrolls of teleportation
 k - 2 scrolls of enchant weapon {unknown}
 l - 6 scrolls of magic mapping
 t - 3 scrolls of butterflies
 y - 4 scrolls of amnesia
 z - a scroll of torment {unknown}
 B - 2 scrolls of noise {unknown}
 H - 3 scrolls of vulnerability {unknown}
 J - 3 scrolls of poison {unknown}
 K - a scroll of blinking {unknown}
 O - 2 scrolls of enchant armour
 Q - a scroll of fear {unknown}
 V - a scroll of brand weapon {unknown}
Potions
 a - a potion of magic
 c - 5 potions of heal wounds
 i - 2 potions of mutation
 o - 4 potions of haste
 p - 3 potions of brilliance
 r - a potion of invisibility
 u - 4 potions of attraction
 v - a potion of cancellation {unknown}
 x - a potion of ambrosia
 A - 2 potions of flight {unknown}
 F - 2 potions of curing
 G - 3 potions of might
Miscellaneous
 U - a condenser vane


   Skills:
 - Level 4.0 Dodging
 - Level 2.1 Stealth
 + Level 9.3 Spellcasting
 + Level 9.9 Conjurations
 + Level 11.4 Fire Magic
 + Level 9.1 Air Magic
 + Level 10.3 Invocations


You had 19 spell levels left.
You knew the following spells:

 Your Spells              Type           Power      Damage    Failure   Level
a - Foxfire               Conj/Fire      100%       2x1d9     1%          1
b - Scorch                Fire           100%       2d10      1%          2
c - Kindle Blastsparks    Fire/Tloc/Air  76%        2d16      1%          3
d - Sticky Flame          Conj/Fire      53%        2d7       1%          4

Your spell library contained the following spells:

 Spells                   Type           Power      Damage    Failure   Level
 Flame Wave               Conj/Fire      53%        2d13      1%          4
 Inner Flame              Hex/Fire       33%        N/A       2%          3
 Hailstorm                Conj/Ice       30%        3d8       3%          3
 Ignite Poison            Fire/Tmut/Pois 25%        N/A       6%          3
 Apportation              Tloc           18%        N/A       10%         1
 Freeze                   Ice            36%        1d5       10%         1
 Necrotise                Necr           36%        1d5       10%         1
 Summon Small Mammal      Summ           36%        N/A       10%         1
 Fulminant Prism          Conj/Hex       15%        3d11      12%         4
 Iskenderun's Mystic Bla  Conj/Tloc      30%        2d8       12%         4
 Sublimation of Blood     Necr           9%         N/A       14%         2
 Wereblood                Tmut           9%         N/A       14%         2
 Frozen Ramparts          Ice            18%        1d3       28%         3
 Lee's Rapid Deconstruct  Erth           4%         3d5*      95%         5
 Ignition                 Fire           27%        3d9       99%         8
 Summon Hydra             Summ           4%         N/A       100%        7


Dungeon Overview and Level Annotations

Branches:
Dungeon (11/15)            Temple (0/1) D:5            Lair (1/5) D:11
    Orc (0/2) D:9           Sewer (visited)          Bailey (visited)
Volcano (1/1)

Altars:
Dithmenos
Elyvilon
Gozag
Kikubaaqudgha
Qazlal
Sif Muna
Wu Jian
Yredelemnul
Zin

Annotations:
D:6 3 runed translucent doors, ReploidZero's ghost, novice TeHu; brouguemayhem's ghost, novice MiFi; koil's ghost, novice SpEn
Lair:1 2 transporters, Sunibiam's ghost, journeyman GrFi


Innate Abilities, Weirdness & Mutations

You can breathe blasts of scalding, opaque steam.
Your pale cyan-grey scales are hard. (AC +8)
You cannot fit into any form of body armour.
You are cold-blooded and may be slowed by cold attacks.
You are immune to the effects of steam.


Message History

The ball of steam hits you. You resist.
The steam dragon bites you but does no damage.
You block the steam dragon's attack. The sun demon hits you!!
* * * LOW HITPOINT WARNING * * *
You are engulfed in flames!
You resist.
You feel more protected from fire.
* * * LOW HITPOINT WARNING * * *
Unknown command.
Okay, then.
Unknown command.
You feel much better. The steam dragon breathes steam at you.
The ball of steam hits you. You resist.
* * * LOW HITPOINT WARNING * * *
The steam dragon closely misses you.
The steam dragon claws you but does no damage.
The steam dragon barely misses you. x2; You block the sun demon's attack.
Activating: Disaster Area (6% risk of failure)
Press: ? - help, Dir - look around, f - activate Nature churns violently around you!
The blast of rubble hits the sun demon!!
The sun demon is heavily wounded.
The blast of rubble hits the steam dragon!!
The steam dragon is severely wounded.
The blast of magma engulfs the steam dragon!!
You kill the steam dragon!
Qazlal accepts your kill.
The steam dragon scales are intact enough to wear.
You can no longer call upon nature's wrath in a wide area around you.
The sun demon hits you!
* * * LOW HITPOINT WARNING * * *
You are engulfed in flames.
You resist.
* * * LOW HITPOINT WARNING * * *
You block the steam dragon's attack.
The steam dragon claws you but does no damage.
You block the steam dragon's attack. The steam dragon barely misses you.
The steam dragon misses you. You block the steam dragon's attack.
The smoke demon gestures at you. Something smites you!
You die...

#....§. #...§..
###....§. ####
##........
##..###......##. #
#...........## . ...
####.§........## #
.....#DD.§§......###
..§§3°D@§§§§....##
...§...§3.#####..#
.##....3○## #....
##≈[.§.# #.....
#≈.≈§.# .......
#≈....# §.....#
#.....## .......


You could see 2 sun demons, a smoke demon and 3 steam dragons.

Vanquished Creatures
  A fire dragon (D:10)
  A boulder beetle (D:9)
  3 two-headed ogres
  A tengu warrior (D:10)
  A skeletal warrior (D:10)
  An orc knight (Bailey)
  A deep elf pyromancer (D:10)
  A deep elf zephyrmancer (D:9)
  2 ugly things
  A manticore (D:9)
  2 orc sorcerers (Bailey)
  A cyclops (D:10)
  2 black mambas (Lair:1)
  A gargoyle (D:10)
  A tengu conjurer (D:9)
  A cane toad (Lair:1)
  A kobold demonologist (D:10)
  3 komodo dragons
  3 trolls (D:10)
  2 hornets
  Prince Ribbit (D:6)
  2 slime creatures
  2 shadows (D:10)
  10 yaks
  A wraith (D:11)
  Eustachio (D:5)
  A basilisk (D:10)
  5 steam dragons
  3 water moccasins
  An acid dragon (D:10)
  Pargi (Sewer)
  2 sky beasts (D:7)
  17 orc warriors
  2 ice beasts
  A swamp drake (D:9)
  A black bear (D:6)
  6 ogres
  3 centaurs
  2 phantoms (D:7)
  2 kobold brigands
  6 bullfrogs
  3 necrophages
  3 scorpions
  3 wights (D:7)
  12 killer bees (D:9)
  6 electric eels (Bailey)
  2 quasits (D:6)
  3 jellies
  3 hounds
  6 gnoll boudas
  7 orc priests
  Jessica (D:2)
  3 iguanas
  16 orc wizards
  13 gnolls
  11 adders
  2 shadow imps (D:6)
  3 white imps
  4 ufetubi
  A worm (D:3)
  2 dart slugs
  40 orcs
  10 ball pythons
  2 bats
  9 endoplasms
  12 giant cockroaches
  12 goblins
  14 hobgoblins
  5 quokkas
  3 frilled lizards
  9 kobolds
  4 rats
324 creatures vanquished.

Vanquished Creatures (collateral kills)
  Josephine (D:11)
  5 wraiths (D:11)
  2 yaks (D:9)
8 creatures vanquished.

Vanquished Creatures (others)
  An orc (D:9)
  2 demonic plants (D:6)
  75 foxfires
  12 fungi
  7 plants
  5 withered plants
102 creatures vanquished.

Grand Total: 434 creatures vanquished

Notes
Turn   | Place    | Note
-------+----------+-------------------------------------------
     0 | D:1      | Hubris850 the Draconian Fire Elementalist began the quest
                  | for the Orb.
     0 | D:1      | Reached XP level 1. HP: 14/14 MP: 3/3
   339 | D:1      | Reached XP level 2. HP: 20/20 MP: 3/5
   942 | D:1      | Learned a level 2 spell: Scorch
  1189 | D:2      | Reached XP level 3. HP: 26/26 MP: 2/6
  1408 | D:2      | Noticed Jessica
  1418 | D:2      | Killed Jessica
  1419 | D:2      | Reached XP level 4. HP: 23/33 MP: 3/7
  2059 | D:3      | Identified the +5 spear "Oneg" {vorpal, +Blink}
  2225 | D:3      | Reached XP level 5. HP: 17/38 MP: 1/9
  2343 | D:3      | Found a faded altar of an unknown god.
  2414 | D:3      | Prayed at the altar of an unknown god.
  2414 | D:3      | Became a worshipper of Qazlal Stormbringer
  2414 | D:3      | Reached * piety under Qazlal
  2714 | D:3      | Reached skill level 4 in Fire Magic
  2803 | D:4      | Reached skill level 1 in Invocations
  2857 | D:4      | Found a stormy altar of Qazlal.
  2937 | D:4      | Found a glowing drain.
  2961 | Sewer    | Entered a sewer
  3011 | Sewer    | Noticed Pargi
  3019 | Sewer    | Killed Pargi
  3020 | Sewer    | Reached XP level 6. HP: 30/45 MP: 4/11
  3101 | Sewer    | Reached ** piety under Qazlal
  3442 | D:4      | Found a white marble altar of Elyvilon.
  3808 | D:5      | Entered Level 5 of the Dungeon
  3920 | D:5      | Found a staircase to the Ecumenical Temple.
  3927 | D:5      | Your scales start taking on a pale cyan-grey colour.
  3927 | D:5      | Reached skill level 5 in Fire Magic
  3927 | D:5      | Reached XP level 7. HP: 30/50 MP: 12/12
  3927 | D:5      | Gained mutation: You are immune to the effects of steam.
                  | [Pale Draconian growth]
  4067 | D:5      | Learned a level 3 spell: Kindle Blastsparks
  4072 | D:5      | Learned a level 4 spell: Sticky Flame
  4090 | D:5      | Noticed Eustachio
  4249 | D:5      | Killed Eustachio
  4440 | D:5      | Found an opulent altar of Gozag.
  4524 | D:5      | Found an ornate altar of the Wu Jian Council.
  4564 | D:5      | Found a shimmering blue altar of Sif Muna.
  4600 | D:5      | Reached *** piety under Qazlal
  4961 | D:6      | Reached XP level 8. HP: 49/57 MP: 14/14
  5178 | D:6      | Reached skill level 6 in Fire Magic
  5548 | D:6      | Found a runed translucent gate.
  5644 | D:5      | Reached skill level 5 in Spellcasting
  5644 | D:5      | Reached skill level 5 in Conjurations
  5739 | D:6      | Found a runed translucent gate.
  5739 | D:6      | Found a runed translucent gate.
  5842 | D:6      | Noticed koil's ghost (novice SpEn)
  5842 | D:6      | Noticed brouguemayhem's ghost (novice MiFi)
  5842 | D:6      | Noticed ReploidZero's ghost (novice TeHu)
  5842 | D:6      | Noticed ReploidZero's ghost (novice TeHu)
  6079 | D:7      | Noticed Prince Ribbit
  6081 | D:7      | Noticed a hornet
  6090 | D:6      | Killed Prince Ribbit
  6091 | D:6      | Reached skill level 1 in Air Magic
  6091 | D:6      | Reached skill level 5 in Invocations
  6176 | D:7      | Killed a hornet
  6177 | D:7      | Reached skill level 7 in Fire Magic
  6177 | D:7      | Reached XP level 9. HP: 18/62 MP: 4/17
  6466 | D:7      | Identified the +1 cloak of Hemaon {Will+}
  6502 | D:7      | Found a basalt altar of Yredelemnul.
  6857 | D:7      | Found an ancient bone altar of Kikubaaqudgha.
  7034 | D:7      | Reached **** piety under Qazlal
  7204 | D:7      | Reached skill level 8 in Fire Magic
  7270 | D:7      | Reached XP level 10. HP: 69/69 MP: 19/19
  7773 | D:8      | You fall into a shaft and drop 1 floor!
  7836 | D:9      | Found a flagged portal.
  7921 | D:9      | Reached skill level 5 in Air Magic
  7974 | D:9      | Noticed a deep elf zephyrmancer
  7977 | D:9      | Killed a deep elf zephyrmancer
  8115 | Bailey   | Entered a bailey
  8189 | Bailey   | Reached ***** piety under Qazlal
  8468 | Bailey   | Noticed an orc sorcerer
  8474 | Bailey   | Killed an orc sorcerer
  8475 | Bailey   | Reached skill level 9 in Fire Magic
  8593 | Bailey   | Acquired the +0 buckler of For Vixt {Dex+7}
  8633 | Bailey   | Found an iron altar of Okawaru.
  8634 | Bailey   | Noticed an orc sorcerer
  8642 | Bailey   | Noticed a sun demon
  8647 | Bailey   | Killed an orc sorcerer
  8873 | Bailey   | Noticed an orc knight
  8885 | Bailey   | Killed an orc knight
  8886 | Bailey   | Reached XP level 11. HP: 62/74 MP: 6/22
  9301 | D:9      | Found a staircase to the Orcish Mines.
  9396 | D:9      | Found a glowing silver altar of Zin.
  9397 | D:9      | Found a shadowy altar of Dithmenos.
  9549 | D:10     | Entered Level 10 of the Dungeon
  9634 | D:10     | Noticed a deep elf pyromancer
  9638 | D:10     | Killed a deep elf pyromancer
  9639 | D:10     | Noticed a fire dragon
  9670 | D:10     | Killed a fire dragon
  9877 | D:10     | Noticed a boulder beetle
  9880 | D:10     | Noticed a tengu warrior
  9913 | D:9      | Killed a boulder beetle
 10160 | D:9      | Reached skill level 10 in Fire Magic
 10290 | D:10     | Killed a tengu warrior
 10364 | D:10     | Noticed a skeletal warrior
 10655 | D:10     | Killed a skeletal warrior
 10915 | D:10     | Noticed a green ugly thing
 10934 | D:10     | Killed a green ugly thing
 11096 | D:10     | Noticed a two-headed ogre
 11102 | D:10     | Killed a two-headed ogre
 11103 | D:10     | Reached XP level 12. HP: 50/81 MP: 13/24
 12232 | D:11     | Noticed a two-headed ogre
 12336 | D:10     | Killed a two-headed ogre
 12516 | D:11     | Noticed a two-headed ogre
 12523 | D:11     | Killed a two-headed ogre
 12564 | D:11     | Noticed Josephine
 12577 | D:11     | Killed Josephine
 12578 | D:11     | Reached skill level 11 in Fire Magic
 12583 | D:11     | Reached skill level 10 in Invocations
 12712 | D:11     | Found a staircase to the Lair.
 12817 | Lair:1   | Entered Level 1 of the Lair of Beasts
 12878 | Lair:1   | Found a transporter.
 12882 | Lair:1   | Found a transporter.
 12882 | Lair:1   | Noticed Sunibiam's ghost (journeyman GrFi)
 13053 | Lair:1   | Found a dark tunnel.
 13058 | Volcano  | Entered a volcano
 13110 | Volcano  | Killed from afar by a smoke demon

Illustrated notes

Levels and vault maps discovered:
D:1:      matt_arrival_refuge, layout_loops_ring, minivault_11,
          chequers_serial_rivers_large_b
D:2:      layout_loops_corners, uniq_jessica
D:3:      layout_rooms, ebering_ecumenical_altar_petrified,
          corexii_leaking_fountain, kennysheep_orc_chapel
D:4:      layout_loops_ring, nicolae_qazlal_general_emergency, elyvilon_altar_3,
          gup_sewer_entry_pipe
D:5:      layout_basic, mainiacjoe_overflow_alcove_4,
          mainiacjoe_overflow_alcove_1, nicolae_wu_jian_immortal_techniques,
          minmay_temple_entry_drinking_statues, st_stairs_2, uniq_eustachio
D:6:      layout_cave_pools, serial_demonic, serial_demonic_d, serial_demonic_c,
          serial_demonic_a, serial_demonic_d, serial_demonic_g,
          serial_demonic_e, gammafunk_ghost_cemetery,
          hangedman_abyss_or_decor_stagger, minmay_holes,
          kennysheep_generic_room_7
D:7:      kennysheep_seaside_town, layout_cave_pools,
          mainiacjoe_overflow_small_starburst, kiku_gazebo_garden_becter,
          uniq_prince_ribbit1
D:8:      layout_basic, ashenzari_altar_1, ebering_ghost_gozag, st_stairs_8
D:9:      layout_cross, gammafunk_temple_overflow_pools, erik_orc_1,
          enter_bailey_8, guppyfry_early_elven_hall
D:10:     minmay_the_grid_plus [minmay_the_grid_minigrid_small,
          minmay_the_grid_dragon_b, minmay_the_grid_spin_star,
          minmay_the_grid_zigzag_pyramid, minmay_the_grid_prize_four_corners],
          layout_long_grid
D:11:     layout_cave_pools, david_lair_shrubbed, grunt_ministairs_5,
          uniq_psyche, uniq_josephine
Lair:1:   layout_hall_layers, gammafunk_ghost_hive, enter_volcano_4,
          infiniplex_staircase_pool_2
Volcano:  hellmonk_smoking_crater

Skill      XL: |  1  2  3  4  5  6  7  8  9 10 11 12 |
---------------+-------------------------------------+-----
Stealth        | 2 |  2.1
Dodging        | 2 3 4 |  4.0
Conjurations   | 2 3 4 5 6 7 9 |  9.9
Spellcasting   | 3 4 5 6 7 8 9 |  9.3
Fire Magic     | 4 5 7 8 9 10 11 | 11.4
Invocations    | 1 2 3 5 6 8 9 10 | 10.3
Air Magic      | 2 4 6 8 9 |  9.1

Action                   |  1- 3 |  4- 6 |  7- 9 | 10-12 || total
-------------------------+-------+-------+-------+-------++-------
Melee: Rapier            |    25 |       |       |       ||    25
       Tailslap          |     3 |    11 |    29 |    60 ||   103
       Punch             |     1 |       |     2 |     1 ||     4
       Spear             |       |   147 |   219 |   315 ||   681
       Club              |       |     4 |       |       ||     4
 Cast: Foxfire           |    27 |     9 |     7 |     1 ||    44
       Scorch            |     2 |    11 |    35 |    44 ||    92
       Sticky Flame      |       |       |    12 |    26 ||    38
       Kindle Blastspark |       |       |     1 |       ||     1
Invok: Upheaval          |       |       |       |     9 ||     9
       Elemental Force   |       |       |       |     2 ||     2
       Disaster Area     |       |       |       |     1 ||     1
 Abil: Breathe Steam     |       |       |    19 |    69 ||    88
Evoke: Wand              |       |       |       |     6 ||     6
  Use: Scroll            |       |       |       |    12 ||    12
       Potion            |       |       |       |     2 ||     2
 Stab: Sleeping          |       |     1 |       |       ||     1
       Paralysed         |       |       |       |     2 ||     2
Armor: Skin              |     5 |    40 |   108 |    94 ||   247
Dodge: Dodged            |    16 |    77 |   165 |   186 ||   444
       Repelled          |       |       |       |     2 ||     2
Block: Other             |       |    31 |   119 |    47 ||   197
       Reflection        |       |       |     4 |    12 ||    16
       Buckler           |       |       |       |   264 ||   264

Table legend: (Time is in decaauts)
 A = Elapsed time spent in this place.
 B = Non-inter-level travel time spent in this place.
 C = Inter-level travel time spent in this place.
 D = Time resting spent in this place.
 E = Time spent auto-exploring this place.
 F = Levels seen in this place.
 G = Mean time per level.
                   A        B        C        D        E       F      G
               +--------+--------+--------+--------+--------+-----+--------+
         Total |  13315 |  13062 |    253 |   3883 |   5719 |  15 |  887.7 |
       Dungeon |  11765 |  11512 |    253 |   3429 |   5500 |  11 | 1069.5 |
          Lair |    245 |    245 |      0 |     45 |      0 |   1 |  245.0 |
         Sewer |    234 |    234 |      0 |      0 |    105 |   1 |  234.0 |
        Bailey |   1016 |   1016 |      0 |    409 |    113 |   1 | 1016.0 |
       Volcano |     54 |     54 |      0 |      0 |      0 |   1 |   54.0 |
               +--------+--------+--------+--------+--------+-----+--------+

Top non-repeatable levels by time:
    D:10: 1929 daAuts
     D:9: 1847 daAuts
     D:7: 1379 daAuts
     D:6: 1313 daAuts
     D:5: 1112 daAuts
     D:1: 1029 daAuts
     D:2: 1018 daAuts
  Bailey: 1016 daAuts
     D:4: 979 daAuts
     D:3: 759 daAuts
    D:11: 315 daAuts
  Lair:1: 245 daAuts
   Sewer: 234 daAuts
     D:8: 80 daAuts
 Volcano: 54 daAuts
